[Event "*** Titled Tuesday Blitz"]
[Site "Chess.com"]
[Date "2020.04.07"]
[Round "1"]
[White "Carnivoras"]
[Black "Lony7"]
[Result "0-1"]
[WhiteElo "2622"]
[BlackElo "2485"]
[TimeControl "180+1"]
[EndTime "13:07:50 PDT"]
[Termination "Lony7 won by checkmate"]

1. d4 Nf6 2. Nf3 g6 3. Bg5 Bg7 4. Nbd2 d5 5. e3 O-O 6. Bd3 c5 7. c3 Nbd7 8. O-O b6 9. e4 dxe4 10.
Nxe4 cxd4 11. Nxd4 Bb7 12. Re1 Nc5 13. Bxf6 exf6 14.
Nxc5 bxc5 15. Nf3 Qb6 16. Qb3 Bxf3 17. Qxb6 axb6 18. gxf3 Rfe8 19. a3 f5 20. Bb5 Re5 21. Rxe5 Bxe5 22. Rd1 Ra7 23. Rd5 Bf4 24. h3 Kg7 25.
Kf1 Bc1 26. a4 Bxb2 27. c4 Re7 28. Rd6 Re6 29. Rd7 Kf6 30. Kg2 Bd4 31. Rc7 h5 32. Bc6 Re2 33. Bd5 Rxf2+ 34. Kg3 h4+ 35. Kxh4 Ke5 36.
Kg5 Be3+ 37. Kh4 Rg2 38. f4+ Kxf4 39. Bxg2 Bf2# 0-1

[Event "*** Titled Tuesday Blitz"]
[Site "Chess.com"]
[Date "2020.04.07"]
[Round "1"]
[White "DamianoLew95"]
[Black "FeketeBarika"]
[Result "1-0"]
[WhiteElo "2593"]
[BlackElo "2251"]
[TimeControl "180+1"]
[EndTime "13:07:51 PDT"]
[Termination "DamianoLew95 won on time"]

1. d4 e6 2. Nf3 Nf6 3. Bf4 c5 4. e3 b6 5. Nbd2 Bb7 6. h3 Be7 7. c3 O-O 8. Bd3 cxd4 9. cxd4 d6 10. Qe2 d5 11. Ne5 Nc6 12. Ng4 Rc8 13. a3 Re8 14.
Nf3 Ne4 15. Nd2 Nxd2 16. Qxd2 Na5 17. Rc1 Rxc1+ 18. Qxc1 Bd6 19. Ne5 Qe7 20. Qb1 g6 21. h4 Rc8 22. h5 Nb3 23. O-O Nd2 24. Qd1 Nxf1 25. hxg6 fxg6 26. Qxf1 Qc7 27. Qe2 Qe7 28. Qg4 Rc1+ 29. Kh2 Bc8 30. g3 Bxe5 31. Bxe5 Qf8 32. Kg2 Qh6 33. Bf1 Rxf1 34. Kxf1 Qh1+ 35. Ke2 Ba6+ 36.
Kd2 Bc8 37. Qf4 Qb1 38. Qf6 Qxb2+ 39. Ke1 Qc1+ 40. Ke2 Ba6+ 41. Kf3 Qd1+ 42. Kf4 g5+ 43.
Kxg5 1-0

[Event "*** Titled Tuesday Blitz"]
[Site "Chess.com"]
[Date "2020.04.07"]
[Round "1"]
[White "kasparicy"]
[Black "MisaPap"]
[Result "0-1"]
[WhiteElo "2335"]
[BlackElo "2674"]
[TimeControl "180+1"]
[EndTime "13:07:52 PDT"]
[Termination "MisaPap won by resignation"]

1. e4 c5 2. Nf3 g6 3. d4 cxd4 4. Nxd4 Bg7 5. Nc3 Nc6 6. Be3 Nf6 7. Be2 O-O 8. Nb3 d6 9. O-O a6 10. f4 b5 11. Bf3 Bb7 12. Nd5 Nxd5 13. exd5 Na5 14. Bd4 Nc4 15. Bxg7 Kxg7 16. Kh1 Qb6 17. Qd3 Rac8 18. a4 Nxb2 19. Qe2 Rc7 20. f5 Nxa4 21. Be4 Nc3 22. Qg4 Bc8 23. Bd3 Nxd5 24. Qh4 Nf6 25. Rae1 Ng8 26. Nd4 b4 27. Rxe7 Rxe7 28. f6+ Nxf6 29.
Qxf6+ Kg8 30. Qxe7 Qxd4 31. h3 Be6 32. Rf6 Qe5 33.
Rf3 a5 34. Qa7 Kg7 35. Rf1 Bd5 36. Kg1 h5 37. Qxa5 Qe3+ 38. Rf2 Qc5 39. Qa1+ Qc3 40. Qf1 Qd4 41. Kh1 Be6 42. Rf4 Qc5 43. Qe1 b3 44. cxb3 Bxb3 45. Qe2 Be6 46. Qf3 Qd5 47. Be4 Qe5 48.
Qf2 d5 49. Bd3 Qg5 50. Qf3 Qe5 51. Qf2 Re8 52. Qg3 Qa1+ 53. Kh2 Re7 54. Rf2 Qd4 55. Qf3 Qe5+ 56. Kg1 h4 57. Qd1 Qd4 58. Qf1 Rc7 59.
Kh1 Rc3 60. Be2 Qc5 61. Bf3 Rc1 62. Bd1 Qd4 0-1

[Event "*** Titled Tuesday Blitz"]
[Site "Chess.com"]
[Date "2020.04.07"]
[Round "1"]
[White "DinaBelenkaya"]
[Black "MiroMiljkovic"]
[Result "0-1"]
[WhiteElo "2241"]
[BlackElo "2587"]
[TimeControl "180+1"]
[EndTime "13:07:52 PDT"]
[Termination "MiroMiljkovic won on time"]

1. e4 c5 2. Nf3 Nc6 3. Bb5 g6 4.
O-O Bg7 5. Re1 Nf6 6. e5 Nd5 7. Nc3 Nc7 8. Bxc6 dxc6 9. d3 O-O 10. Be3 b6 11. Qc1 Bg4 12. Bh6 Bxf3 13. gxf3 Qd7 14. Re4 Qh3 15. Bxg7 Kxg7 16. Qg5 f6 17. exf6+ exf6 18. Re7+ Rf7 19. Rxf7+ Kxf7 20. Qg3 Qxg3+ 21. fxg3 Ne6 22.
Kf2 Nd4 23. Rc1 Re8 24. Ne4 Re7 25. c3 Ne6 26. Nd6+ Kf8 27. Re1 Ng5 28. Rxe7 Kxe7 29.
Nc8+ Kd7 30. Nxa7 Kc7 31. b4 cxb4 32. cxb4 Kb7 33. Nxc6 Kxc6 34. a4 b5 35. a5 Ne6 36.
Ke3 Nc7 37. Ke4 Na6 38. g4 Nxb4 39. f4 Na6 40. Kd4 Kd6 41. g5 f5 42. h3 Nc7 43.
Kc3 Kc5 44. d4+ Kd5 45. Kd3 b4 0-1

[Event "*** Titled Tuesday Blitz"]
[Site "Chess.com"]
[Date "2020.04.07"]
[Round "1"]
[White "ahkashefi2800"]
[Black "Grandmaster2B"]
[Result "0-1"]
[WhiteElo "2183"]
[BlackElo "2553"]
[TimeControl "180+1"]
[EndTime "13:07:52 PDT"]
[Termination "Grandmaster2B won on time"]

1. e4 c5 2. d4 cxd4 3. c3 Nf6 4. e5 Nd5 5. cxd4 Nc6 6. Nc3 Nxc3 7. bxc3 d5 8. Bd3 g6 9. Ne2 Bg7 10. O-O O-O 11. a4 b6 12. Bg5 Qc7 13. Qd2 Bb7 14. Bh6 Na5 15. Bxg7 Kxg7 16. Qe3 Nc4 17. Qg5 f6 18.
exf6+ exf6 19. Qh4 Rfe8 20. Rfe1 Nb2 21. Bc2 Re4 22. Bxe4 dxe4 23. Qg3 Qc6 24. a5 Nd3 25. Reb1 Re8 26. axb6 axb6 27. Ra7 Kh8 28. Qe3 f5 29. d5 Qxd5 30. Rxb6 f4 31. Qd4+ Qxd4 32. Nxd4 Bd5 33. Rd6 Rb8 34. h4 Bg8 35. g4 Rb1+ 36.
Kg2 Rb2 37. Kg1 Nxf2 38. Rd8 Nh3+ 39. Kh1 f3 40. Ne6 Rb1+ 41. Kh2 f2 42. Rxg8+ Kxg8 43. Rg7+ Kh8 44. Rd7 Rb8 0-1

[Event "*** Titled Tuesday Blitz"]
[Site "Chess.com"]
[Date "2020.04.07"]
[Round "1"]
[White "Federtiu"]
[Black "cuprichanin"]
[Result "1-0"]
[WhiteElo "2682"]
[BlackElo "2344"]
[TimeControl "180+1"]
[EndTime "13:07:53 PDT"]
[Termination "Federtiu won on time"]

1. c4 e5 2. Nc3 Nc6 3. g3 f5 4. Bg2 Nf6 5. e3 Bc5 6. Nge2 d6 7. O-O a6 8. a3 O-O 9. b4 Ba7 10.
d4 e4 11. f3 exf3 12. Bxf3 Re8 13. Qd3 Bd7 14. Bd2 Rb8 15. Nf4 Ne7 16. Rae1 Ng6 17. c5 dxc5 18. bxc5 Nxf4 19. exf4 Rxe1 20. Rxe1 Qf8 21.
Re5 b6 22. Qc4+ Kh8 23. c6 Be8 24. Rxf5 b5 25. Qd3 Bg6 26. Rxf6 Qxf6 27. Qe2 Qxd4+ 28. Kg2 Re8 29. Qd1 Qf2+ 30. Kh3 Rd8 31. Be1 Rxd1 32.
Bxf2 Rd3 33. Bxa7 Rxc3 34. Kg2 Rxa3 35. Bb8 Ra2+ 36. Kg1 Ra1+ 37. Kf2 Ra2+ 38. Ke3 Ra3+ 39. Ke2 Bd3+ 40. Kf2 b4 41. Bxc7 b3 42. Be5 Ra2+ 43.
Ke3 Bf5 44. Be4 Bc8 45. Kd4 b2 46. Kc3 Ra4 47. Bc2 1-0

[Event "*** Titled Tuesday Blitz"]
[Site "Chess.com"]
[Date "2020.04.07"]
[Round "1"]
[White "patrisiii123"]
[Black "severomorskij"]
[Result "0-1"]
[WhiteElo "2438"]
[BlackElo "2834"]
[TimeControl "180+1"]
[EndTime "13:07:54 PDT"]
[Termination "severomorskij won by checkmate"]

1. e4 c5 2. Nf3 Nc6 3. d4 cxd4 4.
Nxd4 Nf6 5. Nc3 e5 6. Ndb5 d6 7. Bg5 a6 8. Na3 b5 9. Nd5 Be7 10. Bxf6 Bxf6 11. c3 Bg5 12. Nc2 Ne7 13. Nce3 O-O 14.
Be2 Bb7 15. O-O Bxe3 16. fxe3 Nxd5 17. exd5 Qb6 18. Qd3 f5 19. Kh1 g6 20. e4 fxe4 21. Qxe4 Qc5 22. Bf3 Rf4 23. Qd3 Raf8 24. Rfe1 Rxf3 25.
gxf3 Bxd5 26. Rf1 Bc4 27. Qe4 Bxf1 28. Rxf1 Qc4 29. Qxc4+ bxc4 30. Kg2 Rb8 31. Rf2 Kf7 32. Rd2 Ke6 33. Kg3 d5 34. Kg4 a5 35. Kg5 Rf8 36. Kg4 h5+ 37. Kg3 g5 38. h3 a4 39.
Re2 Rf4 40. a3 Kf5 41. Kh2 Rxf3 42. Rd2 Ke4 43. Rg2 Kf4 44. Re2 d4 45. cxd4 exd4 46. Rc2 c3 47. bxc3 dxc3 48. Rc1 g4 49. hxg4 hxg4 50. Kg2 g3 51. Kg1 Rd3 52. Rc2 Rd1+ 53. Kg2 Rd2+ 54. Rxd2 cxd2 55. Kh3 d1=Q 56. Kg2 Qf3+ 57.
Kg1 Qf2+ 58. Kh1 Qf1# 0-1

[Event "*** Titled Tuesday Blitz"]
[Site "Chess.com"]
[Date "2020.04.07"]
[Round "1"]
[White "nfds"]
[Black "Chessalary"]
[Result "1/2-1/2"]
[WhiteElo "2584"]
[BlackElo "2254"]
[TimeControl "180+1"]
[EndTime "13:07:55 PDT"]
[Termination "Game drawn - insufficient material"]

1. Nf3 d5 2. e3 Nf6 3. d4 c5 4. Bd3 Nc6 5. O-O cxd4 6. exd4 Bg4 7. c3 e6 8. h3 Bh5 9. Re1 Bd6 10. Bg5 O-O 11.
Nbd2 h6 12. Bh4 g5 13. Bg3 Bxg3 14. fxg3 g4 15. hxg4 Nxg4 16. Qb3 Qc7 17. Nf1 Rfe8 18. Rad1 Rad8 19. Bb1 e5 20. dxe5 Ngxe5 21. Qc2 Bg6 22.
Qb3 Nxf3+ 23. gxf3 Rxe1 24. Rxe1 Bxb1 25. Rxb1 d4 26.
Rd1 d3 27. Qc4 Qb6+ 28. Kg2 Ne5 29. Qe4 Qxb2+ 30. Rd2 Qxc3 31. f4 Qc6 32. Qxc6 Nxc6 33.
Kf3 Nd4+ 34. Ke4 Ne6 35. Ne3 a5 36. Nf5 Kh7 37. Ke3 Nc5 38. g4 b5 39. Rh2 d2 40.
Rxd2 Rxd2 41. Kxd2 b4 42. Ne3 Kg6 43. Nd5 h5 44.
f5+ Kg5 45. gxh5 Kxh5 46. Ke3 Kg5 47. Kd4 Nd7 48. Kc4 Kxf5 49. Kb5 Ke4 50. Ne7 f5 51.
Nxf5 Kxf5 52. Kxa5 Ke5 53. Kxb4 Kd6 54. Kb5 Kc7 55. Ka6 Kb8 56. a4 Nc5+ 57. Kb5 Nxa4 1/2-1/2

[Event "*** Titled Tuesday Blitz"]
[Site "Chess.com"]
[Date "2020.04.07"]
[Round "1"]
[White "joppie2"]
[Black "JoakimVonAnd"]
[Result "1/2-1/2"]
[WhiteElo "3011"]
[BlackElo "2496"]
[TimeControl "180+1"]
[EndTime "13:07:59 PDT"]
[Termination "Game drawn by stalemate"]

1. e4 c6 2. d4 d5 3. Nc3 dxe4 4.
Nxe4 Bf5 5. Ng3 Bg6 6. h4 h6 7. Bd3 Bxd3 8. Qxd3 Nf6 9. N1e2 e6 10. Bd2 Nbd7 11. O-O-O Bd6 12. Kb1 Qc7 13. Ne4 Nxe4 14. Qxe4 Nf6 15. Qf3 O-O-O 16. Nc3 a6 17. g4 c5 18. d5 exd5 19. Nxd5 Nxd5 20. Qxd5 Be5 21. Qf3 c4 22. Rhe1 f6 23. Qf5+ Qd7 24. Qg6 Qe8 25.
Qe4 Qb5 26. Bc1 Rxd1 27. Rxd1 Bxb2 28. a4 Qb6 29. Qxc4+ Kb8 30. Bxb2 Rc8 31. Qd4 Qc6 32. Qd6+ Qxd6 33. Rxd6 Rc4 34. g5 hxg5 35. hxg5 fxg5 36. a5 Rf4 37. Be5 Rb4+ 38. Kc1 Kc8 39. Rg6 Rb5 40. Bc3 Rf5 41. Rxg7 Rxf2 42. Rxg5 Kd7 43. Be5 Kc6 44.
Rg6+ Kb5 45. Rb6+ Kxa5 46. Rxb7 Ka4 47. Kb2 Rf5 48. Bd6 Rd5 49. Be7 a5 50. c4 Rd7 51.
Rb6 Rxe7 52. c5 Rc7 53. c6 Rb7 54. cxb7 1/2-1/2

[Event "*** Titled Tuesday Blitz"]
[Site "Chess.com"]
[Date "2020.04.07"]
[Round "1"]
[White "pastouche06"]
[Black "Anton_Demchenko"]
[Result "0-1"]
[WhiteElo "2473"]
[BlackElo "2955"]
[TimeControl "180+1"]
[EndTime "13:07:59 PDT"]
[Termination "Anton_Demchenko won by resignation"]

1. d4 Nf6 2. c4 d6 3. Nc3 e5 4. d5 a5 5. e4 Na6 6. Bd3 g6 7.
Nge2 Bg7 8. O-O O-O 9. f3 Nd7 10. Ng3 Ndc5 11. Bc2 f5 12. exf5 gxf5 13. Nh5 f4 14.
Nxg7 Kxg7 15. a3 Qg5 16. Kh1 Bf5 17. Rb1 a4 18. Bd2 Bxc2 19. Qxc2 Qg6 20. Qxg6+ hxg6 21. Be1 g5 22. Bf2 Kg6 23. Bxc5 Nxc5 24. h3 Kf5 25.
Rfe1 Ra6 26. Ne4 b6 27. Nc3 Raa8 28. Re2 Rf7 29. Rd1 Rb8 30. Kg1 Rh7 31. Kf1 Ra8 32.
Kf2 Nb3 33. Re4 Re7 34. Re2 Nc5 35. Ne4 Rae8 36. Nc3 Rb8 37. Rde1 Nd3+ 38. Kf1 Nxe1 39. Kxe1 Ra8 40. Re4 Ree8 41. Kd2 Rec8 42. Kd3 Kf6 43. Nb5 Ke7 44. Kc3 c6 45. dxc6 Rxc6 46. Kd3 Rc5 47.
Nc3 Ke6 48. Re1 Rac8 49. Re4 R8c6 50. Nb5 d5 51. Nd4+ Kd6 52. cxd5 Rxd5 0-1

[Event "*** Titled Tuesday Blitz"]
[Site "Chess.com"]
[Date "2020.04.07"]
[Round "1"]
[White "Leonid_Starozhilov"]
[Black "Coiote53"]
[Result "1-0"]
[WhiteElo "2695"]
[BlackElo "2353"]
[TimeControl "180+1"]
[EndTime "13:07:59 PDT"]
[Termination "Leonid_Starozhilov won by resignation"]

1. c4 e5 2. Nc3 e4 3. Nxe4 Nf6 4.
Nxf6+ Qxf6 5. Nf3 b6 6. e4 Bb7 7. d3 c5 8. g3 Nc6 9. Bg2 g6 10. O-O Bg7 11. e5 Qe7 12. Bg5 Qe6 13. d4 Qxc4 14. Rc1 Qxa2 15. dxc5 O-O 16. Qxd7 Na5 17. c6 Bc8 18. Qd4 Nb3 19. Qf4 Nxc1 20. Qxc1 Be6 21. Bf6 Rac8 22. Nd4 Rfe8 23. Bxg7 Kxg7 24. Qf4 Qxb2 25.
h4 h5 26. Re1 Rcd8 27. Nf3 Qc3 28. Qf6+ Kg8 29. Re3 Qc1+ 30. Kh2 Qc5 31. Ng5 Qe7 32. Qf4 Bd5 33. Bxd5 Rxd5 34. e6 f6 35. Nf7 Rf8 36. Qh6 Rxf7 37. exf7+ Qxf7 38. c7 Rc5 39. Rd3 Qxc7 40. Qxg6+ Kf8 41. Qxf6+ Ke8 42. Re3+ 1-0

[Event "*** Titled Tuesday Blitz"]
[Site "Chess.com"]
[Date "2020.04.07"]
[Round "1"]
[White "mathapples"]
[Black "bangchess21"]
[Result "0-1"]
[WhiteElo "2314"]
[BlackElo "2645"]
[TimeControl "180+1"]
[EndTime "13:07:59 PDT"]
[Termination "bangchess21 won by checkmate"]

1. d4 Nf6 2. c4 c5 3. d5 b5 4. cxb5 a6 5. b6 d6 6. Nc3 g6 7.
e4 Bg7 8. a4 Qxb6 9. Nf3 O-O 10. Nd2 Nbd7 11. Nc4 Qc7 12. Be2 Nb6 13. a5 Nxc4 14.
Bxc4 Rb8 15. O-O Rb4 16. Qe2 e6 17. Bxa6 Bxa6 18. Qxa6 Nxe4 19. Nxe4 Rxe4 20. dxe6 fxe6 21. Qd3 d5 22. a6 Ra8 23. Ra2 Qb6 24. Bd2 c4 25.
Qa3 Re2 26. Be3 d4 27. Bg5 Re5 28. Bf4 Rb5 29. a7 e5 30. Bg5 h6 31. Be7 Rb3 32. Qa4 Qc7 33. Bd6 Qc8 34. Rc1 Rd3 35. h4 Qe6 36.
Qxc4 Rd1+ 37. Kh2 Kf7 38. Qxe6+ Kxe6 39. Rxd1 Kxd6 40. Rc1 e4 41. Rc4 Kd5 42. Rb4 d3 43. b3 Bc3 44. Rb5+ Kc6 45. Rb8 Be5+ 46. Kg1 Bxb8 47.
axb8=Q Rxb8 48. Kf1 Rxb3 49. Rd2 Rb1+ 50. Rd1 Rxd1# 0-1

[Event "*** Titled Tuesday Blitz"]
[Site "Chess.com"]
[Date "2020.04.07"]
[Round "1"]
[White "Fandorine"]
[Black "ftorodent"]
[Result "1-0"]
[WhiteElo "2967"]
[BlackElo "2476"]
[TimeControl "180+1"]
[EndTime "13:08:01 PDT"]
[Termination "Fandorine won on time"]

1. e4 e6 2. d4 d5 3. Bd3 c5 4.
exd5 exd5 5. Nf3 Nc6 6. O-O c4 7. Be2 Nf6 8. b3 cxb3 9. axb3 Bd6 10. c4 O-O 11. Nc3 Bg4 12. Be3 Re8 13. h3 Bh5 14.
Re1 Bb4 15. Rc1 dxc4 16. bxc4 Ne4 17. Nxe4 Bxe1 18. Neg5 Ba5 19. d5 Bxf3 20. Nxf3 Ne5 21. c5 Nxf3+ 22. Bxf3 Qd7 23. d6 Rab8 24. c6 bxc6 25.
Bxc6 Qe6 26. Bxe8 Rxe8 27. Bxa7 Bb4 28. Bc5 Bxc5 29. Rxc5 g6 30. Rd5 Qd7 31. Kh2 Re6 32. Qd4 h5 33. h4 Re8 34. g3 Re6 35. Qc5 Kg7 36. Qc3+ Kh7 37. Qd4 Re8 38. Qf4 Re6 39.
Rd1 Kg7 40. Kg2 f6 41. Qd4 Kf7 42. Qd5 1-0

[Event "*** Titled Tuesday Blitz"]
[Site "Chess.com"]
[Date "2020.04.07"]
[Round "1"]
[White "Jospem"]
[Black "Slovak_fighter2000"]
[Result "1-0"]
[WhiteElo "2910"]
[BlackElo "2466"]
[TimeControl "180+1"]
[EndTime "13:08:01 PDT"]
[Termination "Jospem won by resignation"]

1. Nf3 d5 2. c4 e6 3. g3 Nf6 4.
Bg2 Be7 5. O-O O-O 6. b3 c6 7. Bb2 a5 8. Nc3 b6 9. e3 Bb7 10. Qc2 Nbd7 11. d3 Rc8 12. Rad1 Qc7 13. Rfe1 Qb8 14. Qb1 c5 15. Qa1 Rfe8 16. Nb5 Bf8 17. e4 d4 18. Bc1 e5 19. Bh3 Rcd8 20. Nh4 g6 21. f4 Nh5 22. f5 Bg7 23. Rf1 Rf8 24.
Ng2 Nhf6 25. Rde1 Ne8 26. Bg5 f6 27. Bd2 g5 28. Bg4 Nd6 29. h4 Nxb5 30. cxb5 h6 31. Bh5 Qd6 32. Bg6 Rb8 33. Qd1 Rfd8 34. Qh5 Qe7 35.
Qe2 Nf8 36. Bh5 Bc8 37. hxg5 fxg5 38. Rc1 Nh7 39. Ne1 Bd7 40. a4 Be8 41. Bxe8 Qxe8 42. Nf3 Qh5 43. Qg2 Bf6 44. g4 Qf7 45. Rb1 Kg7 46.
Be1 Rh8 47. Kf2 Rbe8 48. Rh1 Nf8 49. Ke2 Nd7 50. Nd2 Rb8 51. Nc4 Be7 52. Bg3 Bf6 53. Rh5 Qe7 54. Rbh1 Rb7 55. R1h3 Rbb8 56. Qh2 Nf8 57.
Rxh6 Rxh6 58. Rxh6 Rd8 59. Rxf6 Kxf6 60. Nxe5 Rc8 61.
Qh6+ 1-0

[Event "*** Titled Tuesday Blitz"]
[Site "Chess.com"]
[Date "2020.04.07"]
[Round "1"]
[White "NMZanette"]
[Black "AleksanderHnydiuk"]
[Result "0-1"]
[WhiteElo "2169"]
[BlackElo "2548"]
[TimeControl "180+1"]
[EndTime "13:08:01 PDT"]
[Termination "AleksanderHnydiuk won by resignation"]

1. e4 Nf6 2. e5 Nd5 3. d4 d6 4. c4 Nb6 5. exd6 exd6 6. Nc3 Be7 7. Be3 Bf5 8. Qd2 O-O 9. h3 Nc6 10. Nf3 Bf6 11. Be2 Re8 12. O-O d5 13. b3 dxc4 14.
Bxc4 Nxc4 15. bxc4 Na5 16. Qe2 c5 17. Rad1 cxd4 18.
Nxd4 Bxd4 19. Rxd4 Qxd4 20. Bxd4 Rxe2 21. Nxe2 Bd3 22.
Re1 Re8 23. Bc3 Nxc4 24. Nc1 Rxe1+ 25. Bxe1 Bb1 26. a4 Kf8 27. a5 Ke7 28. Nb3 Kd6 29. Bc3 f6 30. Nd4 Kd5 31. Nb5 a6 32. Nc7+ Kc6 33. Ne6 g6 34. Nd8+ Kc7 35. Ne6+ Kc8 36. f4 h5 37. Kf2 Bf5 38. Nc5 Kc7 39. Kf3 Kc6 40. Ne4 Bxe4+ 41. Kxe4 f5+ 42. Kd4 Kb5 43. Kd5 Nxa5 44. Ke6 Nc4 45. Kf7 Ne3 46. Kxg6 Nxg2 47. Kxf5 Kc4 48. Be5 b5 49. Ke6 Nxf4+ 50. Bxf4 b4 51.
Kf5 a5 52. Kg5 a4 53. Kxh5 a3 54. Be5 b3 55. Kg6 b2 0-1

[Event "*** Titled Tuesday Blitz"]
[Site "Chess.com"]
[Date "2020.04.07"]
[Round "1"]
[White "sergiochess83"]
[Black "Hadza_3"]
[Result "1-0"]
[WhiteElo "2848"]
[BlackElo "2442"]
[TimeControl "180+1"]
[EndTime "13:08:02 PDT"]
[Termination "sergiochess83 won on time"]

1. e4 e5 2. Nf3 Nc6 3. Bb5 g6 4. O-O Bg7 5. c3 d6 6. d4 Bd7 7. Re1 Nge7 8. Be3 O-O 9. Ba4 h6 10. Nbd2 g5 11. dxe5 Nxe5 12. Nxe5 Bxe5 13. Bxd7 Qxd7 14.
Qh5 Kg7 15. h4 Ng6 16. hxg5 hxg5 17. Qxg5 Rh8 18. Nf3 Bf6 19. Bd4 Qe6 20. Rad1 Rae8 21. a4 Rh7 22. Qxf6+ Qxf6 23. Bxf6+ Kxf6 24. g3 Ne5 25.
Kg2 Nc4 26. b3 Ne5 27. Nxe5 Rxe5 28. f4 Rc5 29. c4 a6 30. Rd5 Rc6 31. a5 b6 32. e5+ dxe5 33. Rexe5 Rh8 34. Rd7 bxa5 35. Ree7 Rf8 36. Rxc7 Rb6 37. Rb7 Rd6 38. Re5 Rfd8 39. Rxa5 Rd2+ 40. Kf3 R2d3+ 41. Kg4 Rg8+ 42. Rg5 Re8 43.
Rf5+ Kg6 44. Rfxf7 Ree3 45. Rg7+ Kh6 46. Kf5 1-0

[Event "*** Titled Tuesday Blitz"]
[Site "Chess.com"]
[Date "2020.04.07"]
[Round "1"]
[White "Raja3401"]
[Black "plumalka"]
[Result "1-0"]
[WhiteElo "2733"]
[BlackElo "2390"]
[TimeControl "180+1"]
[EndTime "13:08:02 PDT"]
[Termination "Raja3401 won by checkmate"]

1. e4 c5 2. Nf3 d6 3. d4 cxd4 4. Nxd4 Nf6 5. Nc3 Bd7 6. Bg5 e6 7. f4 Nc6 8. Ndb5 Qb8 9. Qd2 a6 10. Nd4 Qc7 11. O-O-O O-O-O 12. Bxf6 gxf6 13. Kb1 h5 14. f5 Bh6 15. Qf2 Ne5 16. Be2 h4 17. fxe6 fxe6 18. Qxf6 Rdf8 19. Nxe6 Rxf6 20. Nxc7 Rf2 21. N7d5 Rxg2 22. Rdg1 h3 23. Bf1 Rxg1 24. Rxg1 Rf8 25. Nb6+ Kd8 26. Nxd7 Kxd7 27. Bxh3+ Kc6 28. Bf5 Be3 29. Rg7 Rh8 30. Nd5 Bc5 31. Rc7+ Kb5 32. Rxb7+ Kc4 33. a4 Rxh2 34. a5 Nc6 35. Rc7 Nb4 36.
Nxb4 Kxb4 37. Rb7+ Kxa5 38. c3 Re2 39. Ka2 Ka4 40.
Bd7+ Ka5 41. Bc6 Rd2 42. Kb3 Rg2 43. Kc4 Rxb2 44. Rxb2 d5+ 45. Kxc5 d4 46. Ra2# 1-0

[Event "*** Titled Tuesday Blitz"]
[Site "Chess.com"]
[Date "2020.04.07"]
[Round "1"]
[White "Sanyura"]
[Black "mbojan"]
[Result "1-0"]
[WhiteElo "2385"]
[BlackElo "2703"]
[TimeControl "180+1"]
[EndTime "13:08:02 PDT"]
[Termination "Sanyura won by checkmate"]

1. Nf3 g6 2. d3 Bg7 3. g3 d6 4. Bg2 Nf6 5. O-O O-O 6. e4 Nc6 7. Nc3 d5 8. exd5 Nxd5 9. Ne4 b6 10. c3 Bb7 11. d4 e5 12. dxe5 Nxe5 13. Nxe5 Bxe5 14.
Bg5 f6 15. Bh6 Rf7 16. Qb3 c6 17. Rad1 Qe8 18. c4 Ne7 19. f4 Bc7 20. c5 Nd5 21.
Rfe1 Qd7 22. cxb6 axb6 23. Nc5 bxc5 24. Qxb7 Rd8 25. Bxd5 cxd5 26. Rxd5 Bd6 27. Qxd7 Rfxd7 28. Red1 Kf7 29. f5 g5 30. h4 c4 31. Kg2 gxh4 32.
Bf4 Ke7 33. Rxd6 Rxd6 34. Rxd6 Rxd6 35. Bxd6+ Kxd6 36. g4 Ke5 37. Kh3 Ke4 38. Kxh4 Kd3 39. g5 fxg5+ 40. Kxg5 Kc2 41. f6 Kxb2 42. f7 Kxa2 43.
f8=Q c3 44. Qf2+ Kb3 45. Qb6+ Ka2 46. Qa5+ Kb3 47. Qb5+ Ka3 48. Qc4 Kb2 49. Qb4+ Kc2 50. Kf4 Kd3 51. Qd6+ Kc4 52. Qc6+ Kd3 53. Qd5+ Ke2 54.
Qe4+ Kd2 55. Qd4+ Kc2 56. Ke3 Kb3 57. Qb6+ Ka2 58. Qa5+ Kb2 59. Qb4+ Kc2 60. Kd4 h5 61. Qxc3+ Kd1 62. Qb2 h4 63. Ke3 h3 64. Qd2# 1-0

[Event "*** Titled Tuesday Blitz"]
[Site "Chess.com"]
[Date "2020.04.07"]
[Round "1"]
[White "Oneofmyturns"]
[Black "Mbneu"]
[Result "1-0"]
[WhiteElo "2605"]
[BlackElo "2271"]
[TimeControl "180+1"]
[EndTime "13:08:02 PDT"]
[Termination "Oneofmyturns won by resignation"]

1. d4 Nf6 2. c4 c5 3. d5 e6 4. Nc3 exd5 5. cxd5 d6 6. e4 g6 7. f4 Bg7 8. Bb5+ Bd7 9. e5 Nh5 10. Nf3 dxe5 11. fxe5 O-O 12. O-O Re8 13. Re1 a6 14. Bxd7 Qxd7 15. Ne4 f5 16. Nxc5 Qb5 17. Ne6 Nd7 18. Qd4 Rac8 19. Nxg7 Nxg7 20. Bh6 Rc4 21. Qd2 Re4 22. e6 Nf6 23. Rad1 Rd8 24. e7 Rxd5 25.
Qc3 Nge8 26. Bg5 Rxd1 27. Rxd1 Kf7 28. Bxf6 Nxf6 29. Ng5+ Kxe7 30. Qc7+ Nd7 31. Nxe4 fxe4 32. Qd6+ Ke8 33. Qe6+ Kd8 34. Qxe4 Qc5+ 35. Qd4 Qxd4+ 36.
Rxd4 Kc7 37. Rf4 Ne5 38. Rh4 h5 39. Rd4 Kc6 40. b3 Kc5 41. Re4 Kd5 42. Re2 g5 43. Rf2 Ng4 44. Rf7 Ke4 45. Rxb7 Ne3 46. Ra7 g4 47.
Rxa6 h4 48. Re6+ Kd3 49. Rxe3+ Kxe3 50. a4 Kd4 51. b4 Kc4 52. a5 Kb5 53. Kf2 Ka4 54. Ke3 Kxb4 55. Kf4 Kxa5 56. Kxg4 Kb5 57. Kxh4 Kc5 58. Kg5 Kd5 59. Kg6 1-0

[Event "*** Titled Tuesday Blitz"]
[Site "Chess.com"]
[Date "2020.04.07"]
[Round "1"]
[White "Ovsiannikov_Maxim"]
[Black "Squirlolz"]
[Result "0-1"]
[WhiteElo "2206"]
[BlackElo "2563"]
[TimeControl "180+1"]
[EndTime "13:08:02 PDT"]
[Termination "Squirlolz won by resignation"]

1. d4 Nf6 2. Bg5 d5 3. Nf3 Ne4 4. Bf4 c5 5. dxc5 e6 6. Nbd2 Nxc5 7. e3 Bd6 8. Bb5+ Nc6 9. Bxd6 Qxd6 10. Nd4 O-O 11.
Bxc6 bxc6 12. O-O e5 13. N4b3 Ne6 14. c4 a5 15. cxd5 cxd5 16. Ne4 Qd8 17. Nec5 Nc7 18.
a4 Qe7 19. Qd2 Rd8 20. Rfd1 Bf5 21. Rac1 f6 22. h3 Rdb8 23. Nxa5 Qe8 24. b4 Kh8 25. b5 Qg6 26. Kh2 Ne6 27. Nc6 Nxc5 28. Rxc5 Rb7 29. a5 h5 30. a6 Rb6 31. Ne7 Qg5 32.
f4 Qh6 33. Nxf5 Qg6 34. Nh4 Qe4 35. Qd3 Qb4 36. Ng6+ Kg8 37. fxe5 Qxc5 38. Ne7+ Kh8 39. exf6 Rxf6 40. Ng6+ Kg8 41. Ne7+ Kh8 42. Nxd5 Rd8 43. Qe4 Rfd6 44. a7 Qxa7 45. b6 Qb7 46. Qf5 Rxd5 47. Rxd5 Qxd5 48. Qg6 Qd6+ 49. Kh1 Qxg6 0-1

[Event "*** Titled Tuesday Blitz"]
[Site "Chess.com"]
[Date "2020.04.07"]
[Round "1"]
[White "AtabayevSaparmyrat"]
[Black "kayrakamer"]
[Result "0-1"]
[WhiteElo "2861"]
[BlackElo "2475"]
[TimeControl "180+1"]
[EndTime "13:08:03 PDT"]
[Termination "kayrakamer won on time"]

1. e4 c5 2. Nf3 d6 3. d4 cxd4 4.
Nxd4 Nf6 5. Nc3 g6 6. Be3 Bg7 7. f3 a6 8. Qd2 h5 9. O-O-O b5 10. Kb1 Bb7 11. a3 Nbd7 12. h3 Rc8 13. Be2 h4 14. Nb3 Ne5 15. Bg5 Qc7 16. Qc1 Nc4 17. Bxc4 bxc4 18. Nd4 Rb8 19. Rhe1 Kf8 20. Nd5 Bxd5 21.
exd5 Nxd5 22. c3 Rh5 23. Ka2 Qb7 24. Qc2 Rxg5 25. Re2 Bxd4 26. Rxd4 Qb3+ 27. Qxb3 cxb3+ 28. Kb1 e6 29. f4 Rf5 30. c4 Nxf4 31. Red2 Kg7 32.
Rxd6 Rc8 33. R6d4 e5 34. Re4 Ne6 35. Kc1 Rf4 36. Kd1 Rxe4 37. Re2 Rxe2 38. Kxe2 Rxc4 39. Kd2 Rc2+ 40. Kd3 Rxb2 41. Kc4 Nd4 42. Kb4 Rb1 43. Ka4 b2 44. Ka5 Rc1 45. g4 b1=Q 46. a4 Rc5+ 0-1

[Event "*** Titled Tuesday Blitz"]
[Site "Chess.com"]
[Date "2020.04.07"]
[Round "1"]
[White "Fenil1995"]
[Black "dusanacns"]
[Result "0-1"]
[WhiteElo "2395"]
[BlackElo "2748"]
[TimeControl "180+1"]
[EndTime "13:08:03 PDT"]
[Termination "dusanacns won by resignation"]

1. d4 Nf6 2. Nc3 g6 3. e4 d6 4. Bg5 Nc6 5. Qd2 Rb8 6. f4 a6 7. e5 dxe5 8. fxe5 Nd5 9. Bc4 Be6 10. Ne4 Nf4 11. Bf1 Qxd4 12. Qxd4 Nxd4 13. O-O-O Bf5 14.
Rxd4 Ne6 15. Rb4 Bxe4 16. Rxe4 Nxg5 17. Re1 Bh6 18. Kb1 O-O 19. h4 Ne6 20. Nf3 Rbd8 21.
Bd3 Nc5 22. Bc4 b5 23. Bb3 a5 24. e6 f6 25. c3 a4 26. Bc2 Rd6 27. h5 Kg7 28. Nd4 c6 29. Rh3 a3 30. hxg6 hxg6 31.
Rg3 Bg5 32. Rh1 Nxe6 33. Rgh3 f5 34. Rh7+ Kf6 35. Nf3 axb2 36. Kxb2 Be3 37. Bb3 c5 38.
Re1 f4 39. Bc2 b4 40. Rh6 Rg8 41. c4 Bd4+ 42. Kb1 Bc3 43. Reh1 Nd4 44. Nxd4 Rxd4 45. Rh7 Rd2 46. Rf1 g5 47. g3 e6 48. gxf4 g4 49. f5 g3 50. Rh6+ Ke7 51. Rxe6+ Kd7 52. Ree1 g2 53. Rg1 Rxc2 54. Rd1+ Rd2 55. Kc1 Rxd1+ 56.
Kxd1 Bd4 0-1